 Dungeon Crawl Stone Soup version 0.21-a0-460-g737a915 (webtiles) character file.

2781 qqqbard the Thaumaturge (level 9, -3/45 HPs)
             Began as a Deep Elf Earth Elementalist on Nov 20, 2017.
             Was a Follower of Vehumet.
             Slain by an orc warrior
             ... wielding a +0 glaive
              (17 damage)
             ... on level 7 of the Dungeon.
             The game lasted 00:12:38 (6346 turns).

qqqbard the Thaumaturge (DEEE)                      Turns: 6346, Time: 00:12:39

Health: -3/45      AC:  3    Str:  5    XL:     9   Next: 43%
Magic:  20/25      EV: 13    Int: 24    God:    Vehumet [*.....]
Gold:   411        SH:  0    Dex: 15    Spells: 24/28 levels left

rFire    x . .     SeeInvis .   t - +2 short sword (speed)
rCold    + . .     Gourm    .   (no shield)
rNeg     . . .     Faith    .   c - +0 robe
rPois    .         Spirit   .   (no helmet)
rElec    .         Reflect  .   (no cloak)
rCorr    .         Harm     .   u - +0 pair of gloves
MR       .....                  (no boots)
Stlth    +.........             y - amulet of magic regeneration
HPRegen  0.15/turn              q - ring of ice
MPRegen  0.44/turn              x - ring of loudness (curse)

@: no status effects
A: no striking features
a: Renounce Religion


You were on level 7 of the Dungeon.
You worshipped Vehumet.
Vehumet was aware of your devotion.
You were not hungry.

You visited 1 branch of the dungeon, and saw 7 of its levels.
You also visited: Sewer.

You collected 411 gold pieces.

Inventory:

Hand Weapons
 t - a +2 short sword of speed (weapon)
Missiles
 b - 117 stones (quivered)
Armour
 c - a +0 robe (worn)
 u - a +0 pair of gloves (worn)
Jewellery
 q - a ring of ice (left hand)
 x - a cursed ring of loudness (right hand)
 y - an amulet of magic regeneration (around neck)
Wands
 F - a wand of acid (4)
Scrolls
 f - a scroll of fog {unknown}
 j - a scroll of fear {unknown}
 m - 4 scrolls of remove curse {unknown}
 o - 2 scrolls of noise {unknown}
 r - a scroll of magic mapping {unknown}
 s - a scroll of amnesia {unknown}
 z - a scroll of enchant weapon {unknown}
 B - a scroll of enchant armour {unknown}
 G - a scroll of brand weapon {unknown}
 H - 3 scrolls of identify
Potions
 g - 3 potions of heal wounds {unknown}
 h - 3 potions of haste {unknown}
 k - 2 potions of berserk rage {unknown}
 n - 2 potions of might {unknown}
 p - 2 potions of lignification {unknown}
 v - 4 potions of curing
 w - 2 potions of invisibility {unknown}
 A - a potion of degeneration {unknown}
 D - 2 potions of brilliance {unknown}
Books
 e - a book of Geomancy

   Spells                             Type                      Level
   a - Sandblast                      Earth                        1
   b - Passwall                       Transmutation/Earth          2
   c - Stone Arrow                    Conjuration/Earth            3
   d - Petrify                        Transmutation/Earth          4
   e - Lee's Rapid Deconstruction     Earth                        5
 C - a book of Misfortune

   Spells                             Type                      Level
   a - Confusing Touch                Hexes                        1
   b - Confuse                        Hexes                        3
   c - Gell's Gravitas                Translocation                3
   d - Petrify                        Transmutation/Earth          4
   e - Metabolic Englaciation         Hexes/Ice                    5
   f - Yara's Violent Unravelling     Hexes/Transmutation          5
 I - a book of Necromancy

   Spells                             Type                      Level
   a - Pain                           Necromancy                   1
   b - Animate Skeleton               Necromancy                   1
   c - Vampiric Draining              Necromancy                   3
   d - Regeneration                   Charms/Necromancy            3
   e - Animate Dead                   Necromancy                   4
   f - Control Undead                 Necromancy                   4
Comestibles
 a - 3 meat rations
 d - 6 bread rations
 i - 7 fruits
 l - 2 royal jellies
 E - 14 chunks of flesh


   Skills:
 - Level 2.4 Dodging
 - Level 2.4 Stealth
 + Level 10.0 Spellcasting
 * Level 8.8 Conjurations
   Level 1.1 Transmutations
 + Level 8.4 Earth Magic


You had 24 spell levels left.
You knew the following spells:

 Your Spells              Type           Power        Failure   Level  Hunger
a - Sandblast             Erth           ######       1%          1    None
b - Stone Arrow           Conj/Erth      ######       1%          3    None


Dungeon Overview and Level Annotations

Branches:
Dungeon (7/15)             Temple (0/1) D:6

Altars:
Dithmenos
Okawaru
Vehumet
Wu Jian


Message History

b - 117 stones The orc warrior hits you from afar with a glaive!
You see here a flail.
Casting: Sandblast
Confirm with . or Enter, or press ? or * to list all spells.
Aiming: Stone Arrow
Press: ? - help, Shift-Dir - straight line, f - orc warrior
Aim: an orc warrior, wielding a glaive and wearing a chain mail The stone arrow hits the orc warrior.
The orc warrior is moderately wounded.
The orc warrior hits you from afar with a glaive!
Casting: Stone Arrow
Confirm with . or Enter, or press ? or * to list all spells.
Aiming: Stone Arrow
Press: ? - help, Shift-Dir - straight line, f/p - orc warrior
Aim: an orc warrior, wielding a glaive and wearing a chain mail (moderately wounded)
The stone arrow hits the orc warrior.
The orc warrior is heavily wounded.
The orc warrior hits you from afar with a glaive!
You die...

##....## #..# #...
#.....### #..## #...
#.#.....####...#####.).
#.####.......#....#.)##
#.# ###....####....##
.#. ##..## ###..#
.#.######.## ##..#
#..o.#...# #...#
#...)#)@..## .....
#....#####..# ..##..##
##... ##.# ..# ##..#
##. ... .## #.. #. ....
#.. # ...## ##.. ....
##... ..#.. ##....
.......


You could see an orc warrior.

Vanquished Creatures
  The ghost of kiwi3s the Cleaver, a novice MiBe of Trog (D:6)
  Pikel (D:5)
  Sigmund (D:3)
  An ogre (D:6)
  A phantom (D:6)
  2 centaurs
  The ghost of isock the Shooter, an amateur GnWn of Ru (D:3)
  A crocodile (Sewer)
  A big kobold (D:7)
  A bullfrog (D:6)
  4 wights (D:6)
  7 crimson imps
  3 hounds
  2 bullfrog zombies (D:6)
  2 orc priests
  4 orc wizards
  3 iguanas
  3 worker ants
  Ijyb (D:4)
  3 gnolls (D:6)
  9 adders
  3 shadow imps
  An ooze (D:2)
  An adder zombie (D:6)
  A worm (D:2)
  A dart slug (D:3)
  5 leopard geckos
  21 orcs
  14 giant cockroaches
  5 hobgoblins
  8 jackals (D:1)
  5 quokkas
  11 bats
  14 frilled lizards
  11 goblins
  A jackal zombie (D:6)
  9 kobolds
  6 rats
169 creatures vanquished.

Vanquished Creatures (others)
  2 slaves (D:5)
  2 adders (D:5)
4 creatures vanquished.

Grand Total: 173 creatures vanquished

Notes
Turn   | Place    | Note
-------+----------+-------------------------------------------
     0 | D:1      | qqqbard the Deep Elf Earth Elementalist began the quest for the Orb.
     0 | D:1      | Reached XP level 1. HP: 10/10 MP: 6/6
     6 | D:1      | Noticed a redback
     6 | D:1      | Noticed a black bear
     6 | D:1      | Noticed a hound
     7 | D:1      | Noticed a black mamba
     7 | D:1      | Noticed a swamp worm
   208 | D:1      | Reached XP level 2. HP: 7/15 MP: 3/8
   477 | D:1      | Reached skill level 4 in Spellcasting
   664 | D:1      | Reached XP level 3. HP: 17/19 MP: 1/10
   730 | D:1      | Learned a level 3 spell: Stone Arrow
  1049 | D:2      | Found an iron altar of Okawaru.
  1053 | D:2      | Reached skill level 1 in Conjurations
  1098 | D:2      | Reached XP level 4. HP: 24/24 MP: 5/12
  1521 | D:3      | Reached skill level 5 in Spellcasting
  1526 | D:3      | Reached XP level 5. HP: 23/28 MP: 0/14
  1545 | D:3      | Noticed isock's ghost (amateur GnWn)
  1751 | D:3      | Killed isock's ghost
  1751 | D:3      | Reached skill level 5 in Earth Magic
  1939 | D:3      | Reached XP level 6. HP: 31/32 MP: 16/16
  2040 | D:3      | Reached skill level 6 in Spellcasting
  2284 | D:3      | Noticed Sigmund
  2289 | D:3      | Killed Sigmund
  2607 | D:3      | Found an ornate altar of the Wu Jian Council.
  2803 | D:4      | Reached XP level 7. HP: 26/36 MP: 19/19
  3012 | D:4      | Noticed Ijyb
  3016 | D:4      | Killed Ijyb
  3016 | D:4      | Reached skill level 7 in Spellcasting
  3557 | D:5      | Entered Level 5 of the Dungeon
  3784 | D:5      | Found a radiant altar of Vehumet.
  3791 | D:5      | Became a worshipper of Vehumet
  3810 | D:5      | Noticed Pikel
  3820 | D:5      | Killed Pikel
  3820 | D:5      | Reached skill level 8 in Spellcasting
  3820 | D:5      | Reached skill level 5 in Conjurations
  3820 | D:5      | Reached XP level 8. HP: 17/41 MP: 4/22
  4198 | D:5      | Found a glowing drain.
  4230 | Sewer    | Entered a sewer
  4786 | D:6      | Reached * piety under Vehumet
  4786 | D:6      | Offered knowledge of Freeze by Vehumet.
  4946 | D:6      | Found a shadowy altar of Dithmenos.
  4987 | D:6      | Noticed kiwi3s's ghost (novice MiBe)
  5310 | D:6      | Reached skill level 9 in Spellcasting
  5372 | D:6      | Found a staircase to the Ecumenical Temple.
  5448 | D:6      | HP: 1/41 [kiwi3s's ghost (8)]
  5450 | D:6      | Killed kiwi3s's ghost
  5450 | D:6      | Reached XP level 9. HP: 10/45 MP: 18/24
  6331 | D:7      | Reached skill level 10 in Spellcasting
  6346 | D:7      | Slain by an orc warrior

Vault maps used:
D:1:      onia_arrival_zoo_common
D:2:      okawaru_trees_1
D:3:      lemuel_coloured_pillars_altar, first_bread, uniq_sigmund
D:4:      uniq_ijyb
D:5:      portal_sewer_entry_f, basic_altar, uniq_pikel
D:6:      minmay_temple_entry_statues_pillars,
          nicolae_dithmenos_through_a_glass_darkly
D:7:      serial_shops, shop, basic_altar
Sewer:    sewer_big_baddie

Skill      XL: |  1  2  3  4  5  6  7  8  9 |
---------------+----------------------------+-----
Spellcasting   | 4 5 6 8 9 10 | 10.0
Conjurations   | 1 2 3 4 5 8 |  8.8
Earth Magic    | 4 5 6 7 8 |  8.4
Dodging        | |  2.4
Stealth        | |  2.4
Transmutations | |  1.1

Action                   |  1- 3 |  4- 6 |  7- 9 || total
-------------------------+-------+-------+-------++-------
Melee: Unarmed           |     9 |       |       ||     9
       Short sword       |       |    48 |    98 ||   146
 Cast: Sandblast         |    65 |    35 |    53 ||   153
       Stone Arrow       |       |    17 |    90 ||   107
  Use: Scroll            |       |       |     5 ||     5
       Potion            |       |       |     1 ||     1
 Stab: Sleeping          |       |     1 |       ||     1
  Eat: Chunk             |       |     5 |    12 ||    17
Armor: Robe              |     5 |    11 |    23 ||    39
Dodge: Dodged            |    47 |    38 |    82 ||   167

Table legend:
 A = Spawn XP
 B = Non-spawn XP
 C = Spawn XP percentage of total XP
 D = Spawn monster count
 E = Non-spawn monster count
 F = Spawn count percentage of total count
 G = Total turns spent on level
                    A         B        C        D         E        F      G
               +---------+---------+-------+---------+---------+-------+---------
         Total |       0 |    3973 |   0.0 |       0 |     169 |   0.0 |  6346
               +---------+---------+-------+---------+---------+-------+---------
           D:1 |       0 |      52 |   0.0 |       0 |      31 |   0.0 |   956
           D:2 |       0 |      73 |   0.0 |       0 |      28 |   0.0 |   556
           D:3 |       0 |     577 |   0.0 |       0 |      28 |   0.0 |  1259
           D:4 |       0 |     262 |   0.0 |       0 |      17 |   0.0 |   786
           D:5 |       0 |     813 |   0.0 |       0 |      16 |   0.0 |  1379
           D:6 |       0 |    1627 |   0.0 |       0 |      28 |   0.0 |  1172
           D:7 |       0 |     458 |   0.0 |       0 |      15 |   0.0 |   158
         Sewer |       0 |     111 |   0.0 |       0 |       6 |   0.0 |    80
               +---------+---------+-------+---------+---------+-------+---------
